 Dungeon Crawl Stone Soup version 0.17.0-1-g61d176b (console) character file.

107 gw the Gusty (level 4, 0/27 HPs)
             Began as a Tengu Air Elementalist on Nov 7, 2015.
             Slain by a gnoll
             ... wielding a +0 club
              (6 damage)
             ... on level 2 of the Dungeon.
             The game lasted 00:02:06 (2017 turns).

gw the Gusty (Tengu Air Elementalist)               Turns: 2017, Time: 00:02:06

Health: 0/27       AC:  3    Str:  9    XL:     4   Next: 86%
Magic:  0/9        EV: 12    Int: 16    God:
Gold:   44         SH:  0    Dex: 14    Spells: 1 memorised, 7 levels left

rFire  . . .     SeeInvis .     a - +0 mace
rCold  . . .     Clarity  .     e - +0 leather armour
rNeg   . . .     SustAt   .     (no shield)
rPois  .         Gourm    .     (helmet restricted)
rElec  .         Spirit   .     (no cloak)
rCorr  .         Warding  .     (no gloves)
rMut   .         Stasis   .     (boots unavailable)
MR     .....                    (no amulet)
Stlth  ++........               (no ring)
                                (no ring)

@: very slightly contaminated, not resistant to hostile enchantments, unstealthy
A: beak, talons 3
a: no special abilities


You were on level 2 of the Dungeon.
You were not hungry.

You visited 1 branch of the dungeon, and saw 2 of its levels.

You collected 44 gold pieces.

Inventory:

Hand Weapons
 a - a +0 mace (weapon)
Missiles
 d - 10 bolts
Armour
 e - a +0 leather armour (worn)
Books
 b - a book of Air

   Spells                             Type                      Level
   a - Shock                          Conjuration/Air              1
   b - Swiftness                      Charms/Air                   2
   c - Repel Missiles                 Charms/Air                   2
   d - Static Discharge               Conjuration/Air              3
   e - Lightning Bolt                 Conjuration/Air              5
Comestibles
 c - 2 bread rations


   Skills:
 * Level 2.4 Fighting
 + Level 2.1 Maces & Flails
 + Level 2.8 Dodging
 - Level 2.0 Stealth
 + Level 2.7 Spellcasting
 - Level 1.3 Conjurations
 - Level 4.0 Air Magic


You had 7 spell levels left.
You knew the following spells:

 Your Spells              Type           Power        Failure   Level  Hunger
a - Shock                 Conj/Air       ##..         12%         1    #......


Dungeon Overview and Level Annotations

Branches:
Dungeon (2/15)

Altars:


Innate Abilities, Weirdness & Mutations

You have a beak for a mouth.
You have claws for feet.


Message History

Unknown command.
Unknown command.
Unknown command.
Attempting RANGED ATTACK TO (0,3); ATTACKING (0,1)
You swing at nothing.
Unknown command.
Unknown command.
Unknown command.
Unknown command.
Attempting RANGED ATTACK TO (0,2); ATTACKING (0,1)
You swing at nothing.
Unknown command.
Unknown command.
Unknown command.
Unknown command.
ATTACKING (0,1)
You closely miss the gnoll. You claw the gnoll, but do no damage.
The gnoll is lightly wounded.
The gnoll hits you with a club.
You die...

### ..# #########.#
#......Q#.# #?#####g#.#######
#.# #.#.......#
..#####)#####)#.......#
#...........#.#.......########
#..........<)..>...=........<.
#.......)......(..............
##.............>(.(...........
#...........(#...............


You could see a gnoll.

Table legend:
 A = Turns spent in this place as a percentage of turns spent in the entire game.
 B = Non-inter-level travel turns spent in this place as a percentage of non-inter-level travel turns spent in the entire game.
 C = Inter-level travel turns spent in this place as a percentage of turns spent in this place.
 D = Turns resting spent in this place as a percentage of non-inter-level travel turns spent in this place.
 E = Turns spent auto-exploring this place as a percentage of non-inter-level travel turns spent in this place.
 F = Non-inter-level travel turns spent in this place divided by the number of levels of this place that you've seen.
                   A       B       C       D       E      F
               +-------+-------+-------+-------+-------+----------------------
         Total | 100.0 | 100.0 |   0.5 |   4.0 |   1.5 | 1313.0
       Dungeon | 100.0 | 100.0 |   0.5 |   4.0 |   1.5 | 1313.0
               +-------+-------+-------+-------+-------+----------------------

Table legend:
 A = Kills in this place as a percentage of kills in entire the game.
 B = Kills by you in this place as a percentage of kills by you in the entire game.
 C = Kills by friends in this place as a percentage of kills by friends in the entire game.
 D = Other kills in this place as a percentage of other kills in the entire game.
 E = Experience gained in this place as a percentage of experience gained in the entire game.
 F = Experience gained in this place divided by the number of levels of this place that you have seen.
                   A       B       C       D       E      F
               +-------+-------+-------+-------+-------+----------------------
         Total | 100.0 | 100.0 |  -nan |  -nan | 100.0 |  77.0
       Dungeon | 100.0 | 100.0 |  -nan |  -nan | 100.0 |  77.0
               +-------+-------+-------+-------+-------+----------------------

Vanquished Creatures
  6 gnolls (D:2)
  An ooze (D:1)
  2 worms (D:2)
  A giant gecko (D:2)
  2 ball pythons (D:1)
  5 bats
  7 goblins
  4 hobgoblins
  4 kobolds
  4 giant newts
  6 rats (D:1)
42 creatures vanquished.

Notes
Turn   | Place    | Note
--------------------------------------------------------------
     0 | D:1      | gw the Tengu Air Elementalist began the quest for the Orb.
     0 | D:1      | Reached XP level 1. HP: 10/10 MP: 4/4
   298 | D:1      | Reached skill level 1 in Fighting
   298 | D:1      | Reached XP level 2. HP: 14/16 MP: 3/6
   766 | D:1      | Reached skill level 1 in Maces & Flails
   766 | D:1      | Reached XP level 3. HP: 20/20 MP: 0/7
  1299 | D:2      | Reached XP level 4. HP: 18/26 MP: 1/8
  2017 | D:2      | Slain by a gnoll

Action                   |  1- 3 |  4- 6 || total
-------------------------+-------+-------++-------
Melee: Unarmed           |     1 |       ||     1
       Club              |    22 |     7 ||    29
       Mace              |       |     4 ||     4
 Cast: Shock             |    67 |    46 ||   113
  Eat: Chunk             |     2 |     3 ||     5

Vault maps used:
D:1:      scummos_arrival_simple_crosswalls
D:2:      grunt_temple_overflow_open, hangedman_ru_absence,
          lemuel_crystal_altar, first_bread, bh_chokoban, minmay_divided_ellipse
